 Dungeon Crawl Stone Soup version 0.20.1-1-g8b1a95d (webtiles) character file.

5977 Peloso the Carver (level 10, -4/77 HPs)
             Began as a Demonspawn Fighter on Sept 2, 2017.
             Was a Follower of Okawaru.
             Slain by a 14-headed hydra (6 damage)
             ... on level 1 of the Lair of Beasts.
             The game lasted 00:28:00 (10946 turns).

Peloso the Carver (Demonspawn Fighter)             Turns: 10946, Time: 00:28:00

Health: -4/77      AC: 27    Str: 19    XL:     10   Next: 55%
Magic:  0/10       EV:  5    Int:  9    God:    Okawaru [*.....]
Gold:   445        SH: 11    Dex: 14    Spells: 9/9 levels left

rFire    + . .     SeeInvis .   B - +0 long sword (vamp)
rCold    x . .     Gourm    +   c - +0 shield
rNeg     . . .     Faith    .   p - +0 plate armour
rPois    .         Spirit   +   (no helmet)
rElec    .         Reflect  .   v - +0 cloak
rCorr    .         Harm     .   n - +0 pair of gloves (curse)
MR       .....                  (no boots)
Stlth    ..........             y - amulet of the gourmand
Regen    0.3/turn               s - ring of fire
MPRegen  0.2/turn               x - ring of stealth

@: sanguine armour
A: claws 2, magic shield, sanguine armour 3
a: Heroism, Renounce Religion


You were on level 1 of the Lair of Beasts.
You worshipped Okawaru.
Okawaru was aware of your devotion.
You were very full.

You visited 3 branches of the dungeon, and saw 11 of its levels.

You collected 445 gold pieces.

Inventory:

Hand Weapons
 a - a +1 long sword
 w - a +0 whip of flaming
 B - a +0 vampiric long sword (weapon)
Armour
 c - a +0 shield (worn)
 n - a cursed +0 pair of gloves (worn)
 p - a +0 plate armour (worn)
 v - a +0 cloak (worn)
Jewellery
 h - an uncursed ring of protection from cold
 s - a ring of fire (left hand)
 x - a ring of stealth (right hand)
 y - an amulet of the gourmand (around neck)
Scrolls
 e - a scroll of fear
 j - 4 scrolls of remove curse
 k - 2 scrolls of amnesia
 l - 2 scrolls of enchant weapon
 A - 5 scrolls of magic mapping {unknown}
Potions
 b - a potion of experience
 d - a potion of ambrosia {unknown}
 m - 2 potions of degeneration {unknown}
 o - 2 potions of heal wounds
 q - a potion of lignification {unknown}
 t - a potion of resistance
 z - a potion of brilliance {unknown}
Comestibles
 f - 6 bread rations
 g - 8 fruits
 i - 3 meat rations
 u - 4 royal jellies


   Skills:
 + Level 6.4 Fighting
 + Level 9.6 Long Blades
 + Level 7.3 Armour
 + Level 2.5 Dodging
 + Level 1.6 Stealth
 + Level 7.1 Shields


You had 9 spell levels left.
You didn't know any spells.

Dungeon Overview and Level Annotations

Branches:
Dungeon (9/15)             Temple (1/1) D:7            Lair (1/6) D:8
    Orc: D:9-12

Altars:
Ashenzari
Cheibriados
Elyvilon
Hepliaklqana
Kikubaaqudgha
Okawaru
Trog
Yredelemnul
The Shining One


Innate Abilities, Weirdness & Mutations

You have very sharp fingernails.
When hurt, damage is shared between your health and your magic reserves.
When seriously injured, your bleeding wounds create very thick armour. (AC +12)


Message History

The 14-headed hydra bites you but does no damage.
You block the 14-headed hydra's attack.
The 14-headed hydra bites you but does no damage.
You block the 14-headed hydra's attack. The 14-headed hydra bites you.
* * * LOW HITPOINT WARNING * * *
The 14-headed hydra bites you but does no damage.
The 14-headed hydra bites you.
* * * LOW HITPOINT WARNING * * *
The 14-headed hydra bites you but does no damage.
The 14-headed hydra barely misses you.
As you read the scroll of fear, it crumbles to dust.
You assume a fearsome visage.
The 14-headed hydra resists with some effort.
The 14-headed hydra bites you but does no damage.
You block the 14-headed hydra's attack. x2
The 14-headed hydra bites you but does no damage. x2
You block the 14-headed hydra's attack. The 14-headed hydra bites you.
* * * LOW HITPOINT WARNING * * *
The 14-headed hydra barely misses you. The 14-headed hydra bites you.
You die...

#..#### ##.#
#.##### #..#
......# #
#.###
......#P#
##+..######
.........
#.........##
......##.
#...........
......#
+........+[
......##
#........#
.......#
##.#@#####
..##.###
###D# #....#
..# ##..##
#..# ##.#
#.## ###'##
.. .....##
.. ......#
#.. .....##


You could see a 14-headed hydra.

Vanquished Creatures
  Pikel (D:3)
  A komodo dragon (D:8)
  2 trolls
  3 hippogriffs
  Eustachio (D:4)
  A steam dragon (D:6)
  A hungry ghost (D:7)
  Duvessa (D:6)
  2 water moccasins
  3 phantoms
  2 ice beasts (D:7)
  2 orc warriors
  A necrophage (D:8)
  A centaur (D:7)
  3 ogres
  A crocodile (Lair:1)
  3 big kobolds
  Blork the orc (D:4)
  3 bullfrogs
  A gnoll sergeant (D:8)
  Dowan (D:6)
  A wyvern zombie (D:8)
  A water moccasin skeleton (D:7)
  8 killer bees
  A scorpion (D:7)
  3 electric eels (D:7)
  3 crimson imps
  2 quasits (D:7)
  A bullfrog zombie (D:5)
  3 hounds
  Crazy Yiuf (D:6)
  4 orc priests
  A gnoll shaman (D:5)
  Terence (D:2)
  9 orc wizards
  5 worker ants
  A killer bee zombie (D:5)
  A mummy (D:6)
  2 worker ant zombies (D:8)
  11 gnolls
  15 adders
  2 shadow imps
  3 dart slugs
  3 worms
  The ghost of letownia the Insei, a weakling OpTm (D:3)
  4 leopard geckos
  24 orcs
  3 giant cockroaches
  7 goblins
  4 hobgoblins
  8 jackals
  14 kobolds
  4 quokkas
  3 ball pythons
  6 bats
  8 frilled lizards
  A giant cockroach zombie (D:5)
  A jackal skeleton (D:5)
  A leopard gecko zombie (D:5)
  6 rats
  A fungus (D:1)
213 creatures vanquished.

Vanquished Creatures (others)
  A slave (D:4)
  A worker ant (D:4)
  A leopard gecko (D:4)
  A giant cockroach (D:4)
  17 plants
21 creatures vanquished.

Grand Total: 234 creatures vanquished

Notes
Turn   | Place    | Note
-------+----------+-------------------------------------------
     0 | D:1      | Peloso the Demonspawn Fighter began the quest for the Orb.
     0 | D:1      | Reached XP level 1. HP: 18/18 MP: 1/1
     6 | D:1      | Noticed a polar bear
     6 | D:1      | Noticed a worker ant
     6 | D:1      | Noticed a salamander
   274 | D:1      | Reached skill level 2 in Long Blades
   274 | D:1      | Gained mutation: When seriously injured, your bleeding wounds create armour. (AC +12) [demonic ancestry]
   274 | D:1      | Reached XP level 2. HP: 10/24 MP: 2/2
   916 | D:1      | Gained mutation: You have sharp fingernails. [demonic ancestry]
   916 | D:1      | Reached XP level 3. HP: 27/29 MP: 3/3
  1411 | D:2      | Found a faded altar of an unknown god.
  1431 | D:2      | Noticed Terence
  1448 | D:2      | Killed Terence
  1448 | D:2      | Reached XP level 4. HP: 16/35 MP: 4/4
  2303 | D:3      | Reached skill level 1 in Dodging
  2317 | D:3      | Found a shattered altar of Ashenzari.
  2411 | D:3      | Reached XP level 5. HP: 31/41 MP: 5/5
  2618 | D:3      | Noticed letownia's ghost (weakling OpTm)
  2637 | D:3      | Killed letownia's ghost
  2661 | D:3      | Reached skill level 3 in Long Blades
  3271 | D:4      | Noticed Blork the orc
  3279 | D:4      | Killed Blork the orc
  3320 | D:4      | Gained mutation: When seriously injured, your bleeding wounds create thick armour. (AC +12) [demonic ancestry]
  3320 | D:4      | Reached XP level 6. HP: 16/47 MP: 6/6
  3581 | D:4      | Noticed Pikel
  3582 | D:4      | Noticed a slave
  3582 | D:4      | Noticed a slave
  3586 | D:4      | Noticed a slave
  3654 | D:3      | Killed Pikel
  3654 | D:3      | Reached skill level 5 in Long Blades
  3654 | D:3      | Reached skill level 1 in Stealth
  3654 | D:3      | Gained mutation: When hurt, damage is shared between your health and your magic reserves. [demonic ancestry]
  3654 | D:3      | Reached XP level 7. HP: 19/54 MP: 7/7
  3973 | D:4      | Reached skill level 5 in Armour
  4084 | D:4      | Noticed Eustachio
  4198 | D:4      | Killed Eustachio
  4416 | D:4      | Gained mutation: When seriously injured, your bleeding wounds create very thick armour. (AC +12) [demonic ancestry]
  4416 | D:4      | Reached XP level 8. HP: 54/60 MP: 8/8
  4421 | D:5      | Entered Level 5 of the Dungeon
  5013 | D:5      | Reached skill level 6 in Long Blades
  5659 | D:6      | Found a basalt altar of Yredelemnul.
  5718 | D:6      | Noticed Duvessa
  5719 | D:6      | Noticed Dowan
  5732 | D:6      | Killed Duvessa
  5750 | D:6      | Killed Dowan
  5868 | D:6      | Found a snail-covered altar of Cheibriados.
  5949 | D:6      | Found a runed door.
  6057 | D:6      | Reached skill level 5 in Fighting
  6140 | D:6      | Reached skill level 7 in Long Blades
  6430 | D:6      | Noticed Crazy Yiuf
  6448 | D:6      | Killed Crazy Yiuf
  6581 | D:6      | Reached skill level 5 in Shields
  6581 | D:6      | Gained mutation: You have very sharp fingernails. [demonic ancestry]
  6581 | D:6      | Reached XP level 9. HP: 43/68 MP: 5/9
  7673 | D:7      | Reached skill level 8 in Long Blades
  8892 | D:7      | Found a staircase to the Ecumenical Temple.
  8899 | Temple   | Entered the Ecumenical Temple
  8910 | Temple   | Became a worshipper of Warmaster Okawaru
  8940 | D:7      | Reached XP level 10. HP: 71/76 MP: 10/10
  9828 | D:8      | Found a staircase to the Lair.
  9882 | D:8      | Reached skill level 9 in Long Blades
 10105 | D:8      | Reached * piety under Okawaru
 10693 | Lair:1   | Entered Level 1 of the Lair of Beasts
 10930 | Lair:1   | Noticed a five-headed hydra
 10946 | Lair:1   | HP: 2/77 [14-headed hydra (5)]
 10946 | Lair:1   | Slain by a 14-headed hydra

Skill      XL: |  1  2  3  4  5  6  7  8  9 10 |
---------------+-------------------------------+-----
Long Blades    | 2 3 5 7 8 9 |  9.6
Shields        | 3 4 5 6 7 |  7.1
Armour         | 3 4 5 6 7 |  7.3
Dodging        | 1 2 |  2.5
Fighting       | 4 5 6 |  6.4
Stealth        | 1 |  1.6

Action                   |  1- 3 |  4- 6 |  7- 9 | 10-12 || total
-------------------------+-------+-------+-------+-------++-------
Melee: Long sword        |   128 |   169 |   793 |   338 ||  1428
Invok: Heroism           |       |       |       |     1 ||     1
  Use: Scroll            |       |    12 |     4 |     2 ||    18
       Potion            |       |     2 |     2 |     1 ||     5
  Eat: Chunk             |     1 |     8 |    21 |    19 ||    49
       Fruit             |       |       |     2 |       ||     2
Armor: Scale mail        |    59 |    25 |       |       ||    84
       Chain mail        |       |    47 |   159 |       ||   206
       Plate armour      |       |       |   364 |   251 ||   615
Dodge: Dodged            |    31 |    46 |   169 |    77 ||   323
Block: Shield            |    65 |    89 |   421 |   211 ||   786
       Rpst.: Long sword |     8 |    14 |    42 |    12 ||    76
